[ AOE2 MATCH · #495439865 ]
UnrankedCelts vs Gurjaras
Player's team · WIN
Rival team · LOSS
[ REPLAY ANALYSIS · EXTRACTED FROM THE RECORDED GAME ]
Feudal
11:39
Castle
21:29
Imperial
35:05
| APM avg | 85.8 |
| APM peak | 131 |
| eAPM avg | 52.4 |
| Villagers / military | 271 / 564 |
Focus
⚔️ 52.3% · 🌾 47.7%
Woad Raider ×260 · Spearman ×215 · Battering Ram ×21 · Militia ×14 · Skirmisher ×11 · Knight ×10
Feudal
8:58
Castle
22:17
Imperial
41:15
| APM avg | 91.5 |
| APM peak | 120 |
| eAPM avg | 53.8 |
| Villagers / military | 301 / 513 |
Focus
⚔️ 47.8% · 🌾 52.2%
Scout Cavalry ×265 · Elephant Archer ×92 · Hand Cannoneer ×75 · Skirmisher ×21 · Bombard Cannon ×17 · Chakram Thrower ×15
Match map
Initial resources + every placement click. Lines = walls · curves = elevation contours. ◆ gold · ⬟ stone · ● berries · ✦ relic · ◌ wall gap
Your base· Open — opponent sealed themselves in
Droga0's base· ✓ Closed at 22:17 · 30t walls · no gate
Smoothed initial terrain · ◌ = detected wall gap · hover for details
Inputs per minute
— SVTT | Альпинист - - Droga0
Build order — SVTT | Альпинист
First 150 of 1086 actions detected
| 0:00 | Queue | Villager (Male) |
| 0:01 | Queue | Villager (Male) |
| 0:02 | Build | House |
| 0:02 | Build | House |
| 0:05 | Queue | Villager (Male) |
| 0:05 | Queue | Villager (Male) |
| 1:31 | Queue | Villager (Male) |
| 1:31 | Queue | Villager (Male) |
| 1:49 | Queue | Villager (Male) |
| 2:13 | Queue | Villager (Male) |
| 2:38 | Build | Barracks |
| 2:51 | Queue | Villager (Male) |
| 3:12 | Queue | Villager (Male) |
| 3:12 | Queue | Villager (Male) |
| 3:30 | Queue | Villager (Male) |
| 3:36 | Build | House |
| 3:52 | Queue | Villager (Male) |
| 4:05 | Queue | Militia |
| 4:05 | Queue | Militia |
| 4:12 | Build | House |
| 4:24 | Queue | Militia |
| 4:24 | Queue | Militia |
| 4:48 | Queue | Villager (Male) |
| 4:49 | Queue | Villager (Male) |
| 5:09 | Queue | Villager (Male) |
| 5:09 | Queue | Villager (Male) |
| 5:21 | Build | Mill |
| 5:27 | Queue | Militia |
| 5:28 | Queue | Militia |
| 5:28 | Queue | Militia |
| 5:32 | Queue | Villager (Male) |
| 5:32 | Queue | Villager (Male) |
| 5:58 | Queue | Villager (Male) |
| 5:58 | Queue | Villager (Male) |
| 5:58 | Queue | Villager (Male) |
| 6:12 | Build | House |
| 6:34 | Queue | Villager (Male) |
| 6:37 | Build | Lumber Camp |
| 6:40 | Queue | Villager (Male) |
| 7:22 | Queue | Villager (Male) |
| 7:48 | Research | Loom |
| 7:48 | Research | Loom |
| 7:48 | Queue | Villager (Male) |
| 8:11 | Queue | Villager (Male) |
| 8:34 | Queue | Villager (Male) |
| 9:01 | Queue | Villager (Male) |
| 9:08 | Build | Farm |
| 9:29 | Research | Feudal Age |
| 9:29 | Research | Feudal Age |
| 9:36 | Build | Mining Camp |
| 10:07 | Build | House |
| 10:22 | Queue | Militia |
| 10:22 | Queue | Militia |
| 10:51 | Build | House |
| 10:55 | Queue | Militia |
| 11:08 | Build | Farm |
| 11:11 | Build | Farm |
| 11:11 | Queue | Villager (Male) |
| 11:20 | Build | Farm |
| 11:24 | Build | Farm |
| 11:26 | Queue | Militia |
| 11:31 | Build | House |
| 11:39 | Age | Feudal Age |
| 11:41 | Build | Archery Range |
| 11:43 | Research | Man-at-Arms (upgrade) |
| 11:43 | Research | Man-at-Arms (upgrade) |
| 11:43 | Research | Double-Bit Axe |
| 12:03 | Queue | Villager (Male) |
| 12:09 | Queue | Villager (Male) |
| 12:32 | Queue | Archer |
| 12:32 | Queue | Archer |
| 12:33 | Queue | Skirmisher |
| 12:33 | Queue | Skirmisher |
| 12:35 | Queue | Villager (Male) |
| 13:06 | Queue | Villager (Male) |
| 13:07 | Queue | Villager (Male) |
| 13:09 | Build | Farm |
| 13:10 | Build | Farm |
| 13:11 | Queue | Archer |
| 13:11 | Queue | Archer |
| 13:16 | Build | House |
| 13:23 | Queue | Villager (Male) |
| 13:23 | Queue | Villager (Male) |
| 13:26 | Queue | Villager (Male) |
| 13:28 | Build | House |
| 13:29 | Build | Palisade Wall |
| 13:34 | Queue | Archer |
| 13:46 | Queue | Villager (Male) |
| 13:46 | Queue | Villager (Male) |
| 13:48 | Queue | Villager (Male) |
| 13:59 | Build | Blacksmith |
| 14:02 | Queue | Villager (Male) |
| 14:28 | Research | Fletching |
| 14:28 | Research | Fletching |
| 14:33 | Queue | Villager (Male) |
| 14:36 | Queue | Villager (Male) |
| 14:46 | Queue | Villager (Male) |
| 14:48 | Build | Lumber Camp |
| 14:57 | Build | House |
| 14:58 | Build | Palisade Wall |
| 15:01 | Queue | Villager (Male) |
| 15:08 | Queue | Archer |
| 15:08 | Queue | Archer |
| 15:11 | Queue | Skirmisher |
| 15:38 | Queue | Skirmisher |
| 15:42 | Queue | Villager (Male) |
| 15:44 | Build | Farm |
| 15:44 | Build | Farm |
| 15:44 | Build | Farm |
| 15:44 | Build | Farm |
| 16:06 | Queue | Villager (Male) |
| 16:07 | Queue | Skirmisher |
| 16:10 | Queue | Villager (Male) |
| 16:12 | Build | Farm |
| 16:18 | Build | Farm |
| 16:20 | Research | Horse Collar |
| 16:25 | Research | Arson |
| 16:26 | Queue | Militia |
| 16:38 | Queue | Villager (Male) |
| 16:58 | Build | Farm |
| 16:59 | Build | Farm |
| 17:11 | Build | Farm |
| 17:16 | Build | Mill |
| 17:26 | Build | Market |
| 17:39 | Build | Palisade Wall |
| 17:47 | Build | Palisade Wall |
| 18:49 | Research | Castle Age |
| 19:06 | Build | Stable |
| 19:14 | Research | Gold Mining |
| 19:43 | Build | House |
| 19:52 | Build | Palisade Gate |
| 19:54 | Queue | Skirmisher |
| 19:54 | Queue | Skirmisher |
| 19:54 | Queue | Skirmisher |
| 19:57 | Queue | Skirmisher |
| 21:02 | Build | House |
| 21:02 | Queue | Skirmisher |
| 21:03 | Queue | Skirmisher |
| 21:25 | Queue | Villager (Male) |
| 21:29 | Age | Castle Age |
| 21:30 | Queue | Knight |
| 21:30 | Queue | Knight |
| 21:36 | Research | Bow Saw |
| 21:36 | Research | Bow Saw |
| 21:41 | Build | Siege Workshop |
| 21:41 | Queue | Villager (Male) |
| 21:45 | Build | Monastery |
| 21:46 | Queue | Knight |
| 21:48 | Research | Scale Barding Armor |
| 21:49 | Queue | Villager (Male) |
Build order — Droga0
First 150 of 1205 actions detected
| 0:00 | Queue | Villager (Male) |
| 0:01 | Queue | Villager (Male) |
| 0:02 | Build | House |
| 0:03 | Build | House |
| 0:08 | Queue | Villager (Male) |
| 0:08 | Queue | Villager (Male) |
| 0:45 | Build | Mill |
| 1:04 | Build | Mill |
| 1:42 | Queue | Villager (Male) |
| 1:42 | Queue | Villager (Male) |
| 2:03 | Queue | Villager (Male) |
| 2:03 | Queue | Villager (Male) |
| 2:19 | Build | House |
| 2:33 | Queue | Villager (Male) |
| 2:33 | Queue | Villager (Male) |
| 2:42 | Build | House |
| 2:54 | Queue | Villager (Male) |
| 2:54 | Queue | Villager (Male) |
| 3:08 | Queue | Villager (Male) |
| 3:08 | Queue | Villager (Male) |
| 3:36 | Queue | Villager (Male) |
| 3:44 | Queue | Villager (Male) |
| 3:45 | Queue | Villager (Male) |
| 3:51 | Queue | Villager (Male) |
| 4:10 | Queue | Villager (Male) |
| 4:10 | Queue | Villager (Male) |
| 4:20 | Queue | Villager (Male) |
| 4:20 | Queue | Villager (Male) |
| 4:29 | Build | Lumber Camp |
| 4:41 | Build | Palisade Wall |
| 4:46 | Build | Palisade Wall |
| 5:02 | Queue | Villager (Male) |
| 5:03 | Queue | Villager (Male) |
| 5:13 | Research | Loom |
| 5:13 | Research | Loom |
| 5:42 | Build | Palisade Wall |
| 5:44 | Build | Palisade Wall |
| 5:44 | Build | Palisade Wall |
| 5:45 | Build | Palisade Wall |
| 5:45 | Build | Palisade Wall |
| 5:52 | Build | Palisade Wall |
| 5:52 | Build | Palisade Wall |
| 6:19 | Queue | Villager (Male) |
| 6:48 | Research | Feudal Age |
| 6:48 | Research | Feudal Age |
| 7:32 | Build | Barracks |
| 7:34 | Build | House |
| 7:52 | Build | House |
| 8:27 | Build | House |
| 8:55 | Queue | Villager (Male) |
| 8:56 | Queue | Villager (Male) |
| 8:58 | Age | Feudal Age |
| 9:00 | Build | Archery Range |
| 9:01 | Research | Double-Bit Axe |
| 9:01 | Research | Double-Bit Axe |
| 9:21 | Queue | Villager (Male) |
| 9:22 | Queue | Villager (Male) |
| 9:27 | Build | Palisade Wall |
| 9:46 | Queue | Archer |
| 9:47 | Queue | Archer |
| 10:05 | Queue | Skirmisher |
| 10:08 | Queue | Villager (Male) |
| 10:08 | Queue | Villager (Male) |
| 10:16 | Build | House |
| 10:23 | Build | Farm |
| 10:25 | Build | Farm |
| 10:29 | Build | Palisade Wall |
| 10:49 | Queue | Villager (Male) |
| 10:54 | Queue | Villager (Male) |
| 10:54 | Queue | Villager (Male) |
| 10:55 | Queue | Villager (Male) |
| 10:55 | Queue | Villager (Male) |
| 11:09 | Queue | Villager (Male) |
| 11:12 | Build | Lumber Camp |
| 11:19 | Queue | Skirmisher |
| 11:19 | Queue | Skirmisher |
| 11:27 | Queue | Villager (Male) |
| 11:27 | Queue | Villager (Male) |
| 11:27 | Queue | Villager (Male) |
| 11:27 | Queue | Villager (Male) |
| 11:36 | Queue | Villager (Male) |
| 11:43 | Queue | Skirmisher |
| 11:43 | Queue | Skirmisher |
| 11:46 | Queue | Villager (Male) |
| 11:46 | Queue | Villager (Male) |
| 11:49 | Build | House |
| 12:02 | Queue | Skirmisher |
| 12:12 | Queue | Villager (Male) |
| 12:13 | Queue | Villager (Male) |
| 12:17 | Build | Farm |
| 12:29 | Queue | Skirmisher |
| 12:32 | Queue | Skirmisher |
| 12:45 | Build | Blacksmith |
| 12:51 | Queue | Villager (Male) |
| 12:58 | Queue | Skirmisher |
| 13:00 | Build | Farm |
| 13:08 | Queue | Villager (Male) |
| 13:08 | Queue | Villager (Male) |
| 13:14 | Build | House |
| 13:15 | Build | Palisade Wall |
| 13:20 | Queue | Villager (Male) |
| 13:20 | Queue | Villager (Male) |
| 13:23 | Build | House |
| 13:37 | Queue | Skirmisher |
| 13:45 | Build | Farm |
| 13:49 | Queue | Villager (Male) |
| 13:53 | Queue | Villager (Male) |
| 13:53 | Queue | Villager (Male) |
| 14:06 | Queue | Skirmisher |
| 14:08 | Queue | Villager (Male) |
| 14:09 | Build | Farm |
| 14:09 | Queue | Villager (Male) |
| 14:17 | Build | House |
| 14:19 | Queue | Villager (Male) |
| 14:29 | Build | Farm |
| 14:33 | Build | Farm |
| 14:34 | Build | Farm |
| 14:38 | Queue | Villager (Male) |
| 14:42 | Build | Farm |
| 14:46 | Queue | Skirmisher |
| 15:03 | Build | House |
| 15:04 | Build | Palisade Wall |
| 15:16 | Build | Mining Camp |
| 15:21 | Queue | Villager (Male) |
| 15:23 | Queue | Skirmisher |
| 15:25 | Research | Fletching |
| 15:26 | Research | Fletching |
| 15:34 | Queue | Skirmisher |
| 15:58 | Queue | Skirmisher |
| 16:10 | Queue | Skirmisher |
| 16:13 | Queue | Villager (Male) |
| 16:15 | Build | Farm |
| 16:22 | Build | Farm |
| 16:22 | Build | Farm |
| 16:22 | Build | Farm |
| 16:25 | Queue | Skirmisher |
| 16:28 | Queue | Skirmisher |
| 16:36 | Queue | Skirmisher |
| 16:39 | Queue | Villager (Male) |
| 16:40 | Queue | Villager (Male) |
| 16:41 | Build | Farm |
| 16:43 | Build | Farm |
| 16:47 | Queue | Villager (Male) |
| 16:59 | Queue | Villager (Male) |
| 17:18 | Build | Market |
| 17:20 | Build | House |
| 17:22 | Build | House |
| 17:28 | Queue | Skirmisher |
| 17:40 | Build | Farm |
| 17:47 | Build | House |
Match timeline
| 2:38 | SVTT | Альпинист · first_building Barracks |
| 4:41 | Droga0 · wall_segment Palisade Wall x1 |
| 4:46 | Droga0 · wall_segment Palisade Wall x1 |
| 5:42 | Droga0 · wall_segment Palisade Wall x1 |
| 5:44 | Droga0 · wall_segment Palisade Wall x1 |
| 5:44 | Droga0 · wall_segment Palisade Wall x1 |
| 5:45 | Droga0 · wall_segment Palisade Wall x1 |
| 5:45 | Droga0 · wall_segment Palisade Wall x1 |
| 5:52 | Droga0 · wall_segment Palisade Wall x1 |
| 5:52 | Droga0 · wall_segment Palisade Wall x1 |
| 7:32 | Droga0 · first_building Barracks |
| 8:58 | Droga0 · age_up feudal |
| 9:00 | Droga0 · first_building Archery Range |
| 9:27 | Droga0 · wall_segment Palisade Wall x1 |
| 10:29 | Droga0 · wall_segment Palisade Wall x1 |
| 11:39 | SVTT | Альпинист · age_up feudal |
| 11:41 | SVTT | Альпинист · first_building Archery Range |
| 13:15 | Droga0 · wall_segment Palisade Wall x11 |
| 13:29 | SVTT | Альпинист · wall_segment Palisade Wall x5 |
| 14:58 | SVTT | Альпинист · wall_segment Palisade Wall x2 |
| 15:04 | Droga0 · wall_segment Palisade Wall x8 |
| 17:39 | SVTT | Альпинист · wall_segment Palisade Wall x11 |
| 17:47 | SVTT | Альпинист · wall_segment Palisade Wall x11 |
| 18:18 | SVTT | Альпинист · first_market_sell 100 wood |
| 18:20 | SVTT | Альпинист · first_market_buy 100 food |
| 19:06 | SVTT | Альпинист · first_building Stable |
| 19:24 | Droga0 · wall_segment Palisade Wall x1 |
| 19:25 | Droga0 · wall_segment Palisade Wall x1 |
| 21:29 | SVTT | Альпинист · age_up castle |
| 21:41 | SVTT | Альпинист · first_building Siege Workshop |
| 21:45 | SVTT | Альпинист · first_building Monastery |
| 21:55 | Droga0 · first_building Stable |
| 22:00 | Droga0 · first_market_sell 100 food |
| 22:01 | Droga0 · first_market_buy 100 wood |
| 22:17 | Droga0 · age_up castle |
| 22:30 | SVTT | Альпинист · wall_segment Palisade Wall x1 |
| 22:54 | Droga0 · first_building Siege Workshop |
| 23:09 | Droga0 · wall_segment Palisade Wall x2 |
| 24:45 | Droga0 · first_building Monastery |
| 29:04 | Droga0 · first_building Castle |
| 31:47 | SVTT | Альпинист · first_building Castle |
| 32:04 | SVTT | Альпинист · wall_segment Palisade Wall x1 |
| 35:05 | SVTT | Альпинист · age_up imperial |
| 41:15 | Droga0 · age_up imperial |
| 41:59 | Droga0 · wall_segment Stone Wall x1 |
| 60:02 | Droga0 · resign |
[ AI ANALYSIS · 1 CREDIT ]
What really happened in this match?
Wolo.gg analyzes every decision: build order, eco, micro, common mistakes by bracket. Personalized analysis on WhatsApp or Discord in 30 seconds.
Civ guide
Celts
Perfil
Jugador #6375678